Cogmind - Beta 15 @@@ ROGUE MODE // 2025.07.23 @ 03:11:07 Player: shapeshifter Result: Self-destructed Performance ------------- Evolutions (2) 1000 Regions Visited (5) 1000 Robots Destroyed (26) 130 Value Destroyed (727) 727 Prototype IDs (0) 0 Alien Tech Used (0) 0 Bonus (200) 200 TOTAL SCORE: 3057 Bonus ------- Entered Garrisons 200 Cogmind --------- Core Integrity 299/550 Matter 208/300 Energy 99/100 System Corruption 0% Temperature Cool (0) Movement Core (50) Location -8/Garrison Parts ------- > --- POWER (1) -------- (None) > --- PROPULSION (4) --- (None) > --- UTILITY (4) ------ Target Analyzer > --- WEAPON (2) ------- (None) > --- INVENTORY (5) ---- Datajack Peak State ------------ > --- POWER ------------ Backup Power I > --- PROPULSION ------- Improved Treads Improved Treads > --- UTILITY ---------- Target Analyzer Backup Plating I Backup Plating I > --- WEAPON ----------- Beam Cannon Shotgun > --- INVENTORY -------- Assault Rifle Datajack [Rating: 13] Favorites ----------- Power Ion Engine Engine Ion Engine Propulsion Light Treads Treads Light Treads Leg Aluminum Leg Wheel Compact Wheel Utility Small Storage Unit Device Heat Sink Storage Small Storage Unit Processor Target Analyzer Protection Light Armor Plating Weapon Assault Rifle Energy Gun EM Pulse Gun Energy Cannon Beam Cannon Ballistic Gun Assault Rifle Launcher Grenade Launcher Build | -11 -10 -10 -9 -8 -8 ------- Run | Yrd Mat Min Mat Mat Gar Slots Evolved 4 | . . . 2 2 . Power . | . . . . . . Propulsion 2 | . . . . 2 . Utility 2 | . . . 2 . . Weapon . | . . . . . . Parts Attached 23 | 6 . 12 1 2 2 Power 3 | 1 . 2 . . . Engine 3 | 1 . 2 . . . Core . | . . . . . . Reactor . | . . . . . . Propulsion 8 | 2 . 4 . 2 . Treads 5 | 2 . 1 . 2 . Leg 1 | . . 1 . . . Wheel 2 | . . 2 . . . Hover . | . . . . . . Flight . | . . . . . . Utility 5 | 1 . 3 . . 1 Device 1 | . . 1 . . . Storage 2 | 1 . 1 . . . Processor 1 | . . . . . 1 Hackware . | . . . . . . Protection 1 | . . 1 . . . Artifact . | . . . . . . Weapon 7 | 2 . 3 1 . 1 Energy Gun 1 | . . . 1 . . Energy Cannon 1 | . . 1 . . . Ballistic Gun 4 | 2 . 1 . . 1 Ballistic Cannon . | . . . . . . Launcher 1 | . . 1 . . . Special Weapon . | . . . . . . Impact Weapon . | . . . . . . Slashing Weapon . | . . . . . . Piercing Weapon . | . . . . . . Special Melee Weapon . | . . . . . . Unidentified Prototypes . | . . . . . . Parts Lost 17 | . . 8 2 . 7 Power 4 | . . 2 1 . 1 Propulsion 6 | . . 3 1 . 2 Utility 3 | . . 2 . . 1 Weapon 4 | . . 1 . . 3 Highest Loss Streak 7 | . . 5 2 . 7 To Critical Strikes . | . . . . . . Average Backups 6 | 3 6 6 4 2 1 Power . | . 1 . . . . Propulsion 2 | 2 4 2 1 . . Utility . | . . . . . . Weapon 1 | . 1 2 2 . . Tool/Special . | . . . . . . Unused Backups 4 | . . 3 . . 1 Power 1 | . . 1 . . . Propulsion 2 | . . 2 . . . Utility . | . . . . . . Weapon . | . . . . . . Tool/Special 1 | . . . . . 1 Average Slot Usage (%) 85 | . 85 95 39 47 54 Engine 11 | . 14 13 6 4 5 Treads 23 | . 28 26 6 17 12 Device 3 | . . 4 . . . Storage 11 | . 14 14 5 . . Protection 7 | . . 7 . 9 12 Energy Cannon 8 | . . 9 . 7 6 Ballistic Gun 15 | . 28 17 9 7 7 Peak Build Rating 13 | 6 6 10 8 9 13 Average Rating 7 | 4 6 7 5 7 9 On Entrance 4 | . 6 6 7 . 9 Naked Turns 10 | . . . 10 . . Heaviest Build 23 | 14 14 23 21 8 9 Greatest Support 46 | 40 40 40 20 46 46 Greatest Overweight (x) 1 | . . . 1 . . Average Overweight (x) . | . . . . . . Largest Inventory Capacity 10 | 8 8 10 10 5 5 Average Capacity 8 | 7 8 8 7 5 5 Most Carried 8 | 6 7 8 6 4 2 Average Carried 6 | 3 6 6 4 2 1 Final Capacity 10 | 8 8 10 5 5 5 Final Carried 7 | 6 7 7 5 3 1 Class Distribution -------------------- 100% | Mutant Dominant Class ---------------- Mutant | -10/Materials Mutant | -10/Mines Mutant | -9/Materials Mutant | -8/Materials Mutant | -8/Garrison Resources | -11 -10 -10 -9 -8 -8 ----------- Run | Yrd Mat Min Mat Mat Gar Matter Collected 638 | 211 . 409 18 . . Remotely . | . . . . . . Salvage Created 814 | . . 763 18 . 33 Parts 57 | . . 52 3 . 2 Haulers Intercepted . | . . . . . . Recyclers Shooed . | . . . . . . Parts Field Recycled . | . . . . . . Retrieved Matter . | . . . . . . Parts Self-Destructed . | . . . . . . Prevented . | . . . . . . Kills | -11 -10 -10 -9 -8 -8 ------- Run | Yrd Mat Min Mat Mat Gar Combat Hostiles Destroyed 23 | . . 21 . . 2 Guns 16 | . . 15 . . 1 Cannons 5 | . . 4 . . 1 AOE 2 | . . 2 . . . Classes Destroyed 5 | . . 4 1 . . Tunneler 2 | . . 2 . . . Operator 1 | . . . 1 . . Swarmer 5 | . . 3 . . 2 Grunt 16 | . . 16 . . . Sentry 2 | . . 2 . . . Best Kill Streak 9 | . . 9 1 . 2 Combat Bots Only 7 | . . 7 . . 2 Max Kills in Single Turn 2 | . . 2 1 . 1 Gunslinging . | . . . . . . Exploded 1 | . . 1 . . . Melee . | . . . . . . Uniques/NPCs Destroyed . | . . . . . . Combat | -11 -10 -10 -9 -8 -8 -------- Run | Yrd Mat Min Mat Mat Gar Hostile Shots Fired 306 | . . 120 41 23 122 Missed 102 | . . 37 13 5 47 Hits 204 | . . 83 28 18 75 Melee 5 | . . . 5 . . Projectile 199 | . . 83 23 18 75 Critical Strikes 3 | . . . 2 . 1 Damage Taken 2626 | . . 1199 454 154 819 Core 591 | . . 237 103 37 214 Absorbed by Shields . | . . . . . . Core Remaining (%) 59 | 100 . 5 74 . . Volleys Fired 76 | . . 68 3 . 5 Largest 2 | . . 2 2 . 2 Hottest 93 | . . 93 73 . 83 Shots Fired 128 | . . 115 5 . 8 Gun 92 | . . 82 5 . 5 Cannon 33 | . . 30 . . 3 Launcher 3 | . . 3 . . . Special . | . . . . . . Kinetic 90 | . . 82 3 . 5 Thermal 33 | . . 30 . . 3 Explosive 3 | . . 3 . . . Electromagnetic 2 | . . . 2 . . Robot Hit Streak 10 | . . 10 3 . 2 Robot Miss Streak 4 | . . 4 1 . 2 Penetration Max . | . . . . . . Secondary Targets 1 | . . 1 . . . Max Gunslinging Chain 1 | . . 1 . . . Shots Hit Robots 71 | . . 65 3 . 3 Core Hits 35 | . . 32 1 . 2 Critical Kills . | . . . . . . Critical Parts Destroyed 1 | . . 1 . . . Critical Strikes 1 | . . 1 . . . Destroy 1 | . . 1 . . . Melee Attacks . | . . . . . . Impact . | . . . . . . Slashing . | . . . . . . Piercing . | . . . . . . Sneak Attacks . | . . . . . . Combat Hostiles . | . . . . . . Follow-up Attacks . | . . . . . . Damage Inflicted 1339 | . . 1229 61 . 49 Guns 948 | . . 855 61 . 32 Cannons 225 | . . 208 . . 17 Explosions 166 | . . 166 . . . Melee . | . . . . . . Ramming . | . . . . . . Kinetic 932 | . . 855 45 . 32 Thermal 225 | . . 208 . . 17 Explosive 166 | . . 166 . . . Electromagnetic 16 | . . . 16 . . Impact . | . . . . . . Slashing . | . . . . . . Piercing . | . . . . . . Highest Corruption 6 | . . 6 . . . Average Corruption 6 | . . 6 . . . Corruption Purged . | . . . . . . Corruption Blocked . | . . . . . . Effects 3 | . . 3 . . . Message Errors 1 | . . 1 . . . Matter Fused 1 | . . 1 . . . Heat Flow Errors 1 | . . 1 . . . Overload Shots . | . . . . . . Overflow Damage . | . . . . . . Projectiles . | . . . . . . Explosions . | . . . . . . Melee . | . . . . . . Knockbacks . | . . . . . . Impact . | . . . . . . Kinetic . | . . . . . . Secondary . | . . . . . . Self-Inflicted Damage 6 | . . 6 . . . Shots 1 | . . 1 . . . Rammed . | . . . . . . Targets Rammed . | . . . . . . Kicked . | . . . . . . Crushed . | . . . . . . Highest Temperature 378 | . . 378 6 . 39 Average Temperature 111 | . . 121 3 . 27 Received Heat Transfer 714 | . . 423 156 . 135 Effects 1 | . . 1 . . . Shutdowns 1 | . . 1 . . . Siege Activations . | . . . . . . Martial Activations . | . . . . . . Shielding Activations . | . . . . . . Robots Disrupted . | . . . . . . Combat Hostiles . | . . . . . . Robots Corrupted . | . . . . . . Combat Hostiles . | . . . . . . Parts Fried . | . . . . . . Impact Corruptions . | . . . . . . Robots Melted . | . . . . . . Combat Hostiles . | . . . . . . Parts Melted . | . . . . . . Heat Transferred 481 | . . 444 . . 37 Parts Sabotaged . | . . . . . . Parts Stolen . | . . . . . . Parts Stripped . | . . . . . . Power Chain Reactions . | . . . . . . Alert | -11 -10 -10 -9 -8 -8 ------- Run | Yrd Mat Min Mat Mat Gar Maximum Alert Level . | . . . . . . Low Security (%) 100 | 100 100 100 100 100 100 Level 1 . | . . . . . . Level 2 . | . . . . . . Level 3 . | . . . . . . Level 4 . | . . . . . . Level 5 . | . . . . . . High Security . | . . . . . . Max Security . | . . . . . . Peak Influence 121 | . . 121 84 9 120 Initial 45 | . . . 45 9 . Average 29 | . . 32 48 2 33 Influence Increases 737 | . . 467 59 6 205 Destroy 0b10 Robot/C 460 | . . 420 . . 40 Destroy 0b10 Robot/NC 15 | . . 10 5 . . Destroy Leader 30 | . . 20 . . 10 Successful Hack 14 | . . . 8 6 . Anti-Garrison Action 50 | . . . . . 50 Destroy Structure 18 | . . 17 1 . . Partial Spotted 30 | . . . . . 30 Lose Combat Pursuer 120 | . . . 45 . 75 Influence Decreases 602 | . . 349 153 30 70 Entered New Map 88 | . . . 73 15 . Time Decay 344 | . . 269 60 15 . Lost Part 170 | . . 80 20 . 70 Squads Dispatched . | . . . . . . Investigation . | . . . . . . Extermination . | . . . . . . Reinforcement . | . . . . . . Assault . | . . . . . . Garrison . | . . . . . . Intercept . | . . . . . . Searches Triggered . | . . . . . . Construction Impeded . | . . . . . . Haulers Reinforced . | . . . . . . Active Scanning Responses . | . . . . . . Cargo Convoy Interrupts . | . . . . . . Stealth | -11 -10 -10 -9 -8 -8 --------- Run | Yrd Mat Min Mat Mat Gar Distress Signals 2 | . . 1 1 . . Communications Jammed . | . . . . . . Distress Signals . | . . . . . . Times Spotted 53 | . 2 24 9 4 14 Peak Tracking Total 9 | . 2 5 8 4 9 Tactical Retreats 3 | . . . 1 . 2 Traps | -11 -10 -10 -9 -8 -8 ------- Run | Yrd Mat Min Mat Mat Gar Traps Triggered . | . . . . . . Indirectly . | . . . . . . Trap Hack Attempts . | . . . . . . Triggered . | . . . . . . Disarmed . | . . . . . . Reprogrammed . | . . . . . . Reused . | . . . . . . Traps Extracted . | . . . . . . Installed . | . . . . . . Triggered . | . . . . . . Machines | -11 -10 -10 -9 -8 -8 ---------- Run | Yrd Mat Min Mat Mat Gar Machines Disabled . | . . . . . . Max in Single Turn . | . . . . . . Machines Repaired . | . . . . . . Machines Dismantled . | . . . . . . Machines Sabotaged . | . . . . . . Overloaded Fab Kills . | . . . . . . Hacking | -11 -10 -10 -9 -8 -8 --------- Run | Yrd Mat Min Mat Mat Gar Machines Accessed 4 | . . . 1 2 1 Terminals 2 | . . . 1 . 1 Fabricators . | . . . . . . Repair Stations 1 | . . . . 1 . Recycling Units . | . . . . . . Scanalyzers . | . . . . . . Garrison Access 1 | . . . . 1 . Total Hacks 10 | . . . 2 4 4 Successful 3 | . . . 1 2 . Failed 7 | . . . 1 2 4 Catastrophic 2 | . . . . 1 1 Database Lockouts . | . . . . . . Manual . | . . . . . . Terminals 6 | . . . 2 . 4 Fabricators . | . . . . . . Repair Stations 3 | . . . . 3 . Recycling Units . | . . . . . . Scanalyzers . | . . . . . . Garrison Access 1 | . . . . 1 . Terminal Hacks 1 | . . . 1 . . Recall Reinforcements 1 | . . . 1 . . Fabricator Hacks . | . . . . . . Repair Station Hacks 1 | . . . . 1 . Refit 1 | . . . . 1 . Recycling Unit Hacks . | . . . . . . Scanalyzer . | . . . . . . Garrison Access Hacks 1 | . . . . 1 . Unlock Access 1 | . . . . 1 . Unauthorized Hacks . | . . . . . . Terminals . | . . . . . . Fabricators . | . . . . . . Repair Stations . | . . . . . . Recycling Units . | . . . . . . Scanalyzers . | . . . . . . Garrison Access . | . . . . . . Data Cores Recovered 1 | . . . 1 . . Used 1 | . . . 1 . . Hacking Detections 4 | . . . 1 2 1 Full Trace Events 1 | . . . . . 1 Feedback Events . | . . . . . . Feedback Blocked . | . . . . . . Robot Schematics Acquired . | . . . . . . Robots Built . | . . . . . . Authchips . | . . . . . . Time . | . . . . . . Total Robot Build Rating . | . . . . . . Part Schematics Acquired . | . . . . . . Parts Built . | . . . . . . Authchips . | . . . . . . Time . | . . . . . . Total Part Build Rating . | . . . . . . Parts Repaired . | . . . . . . Time . | . . . . . . Parts Recycled . | . . . . . . Recycled Matter . | . . . . . . Retrieved Matter . | . . . . . . Retrieved Components . | . . . . . . Parts Scanalyzed . | . . . . . . Part Schematics Acquired . | . . . . . . Parts Damaged . | . . . . . . Bothacking | -11 -10 -10 -9 -8 -8 ------------ Run | Yrd Mat Min Mat Mat Gar Used RIF Installer . | . . . . . . Robots Hacked . | . . . . . . Non-combat . | . . . . . . Combat . | . . . . . . Robot Hacks Applied . | . . . . . . Relay Couplers Released . | . . . . . . Fabnet Peak Effective % . | . . . . . . Robots Rewired . | . . . . . . Allies Hacked . | . . . . . . Hacks Repelled . | . . . . . . Allies | -11 -10 -10 -9 -8 -8 -------- Run | Yrd Mat Min Mat Mat Gar Total Allies . | . . . . . . Largest Group . | . . . . . . Highest-Rated Group . | . . . . . . Highest-Rated Ally . | . . . . . . Total Orders . | . . . . . . Ally Attacks . | . . . . . . Total Damage . | . . . . . . Kills . | . . . . . . Allies Corrupted . | . . . . . . Allies Melted . | . . . . . . Intel | -11 -10 -10 -9 -8 -8 ------- Run | Yrd Mat Min Mat Mat Gar Active Infowar (turns) . | . . . . . . Robot Analysis Total . | . . . . . . Derelict Logs Recovered 1 | . . 1 . . . Drone Launches . | . . . . . . Drone Recoveries . | . . . . . . Exploration | -11 -10 -10 -9 -8 -8 ------------- Run | Yrd Mat Min Mat Mat Gar Turns Passed 2154 | 117 40 1610 120 114 153 Spaces Moved 892 | 60 25 525 77 67 138 Core 99 | 3 . . 19 . 77 Treads 684 | 57 25 452 22 67 61 Legs 36 | . . . 36 . . Wheels 73 | . . 73 . . . Hover . | . . . . . . Flight . | . . . . . . Fastest Speed 50 | 50 160 100 50 160 50 Average Speed 142 | 154 160 151 133 160 98 Slowest Speed 240 | 160 160 160 240 160 160 Overloaded Moves . | . . . . . . Propulsion Burnouts . | . . . . . . Robots Hopped . | . . . . . . Potential Cave-ins . | . . . . . . Cave-ins Triggered 1 | . . 1 . . . Exploration Rate (%) 25 | 4 7 92 15 8 25 Regions Visited 5 Branch Regions 1 Pre-discovered Areas 1 | . . 1 . . . Known Exits Taken 1 | . . . . 1 . Unknown Exits Taken 4 | 1 1 1 1 . . Scrap Searched 1 | . . 1 . . . Spaces Dug . | . . . . . . Terrain Destroyed 26 | . . 25 1 . . Melee . | . . . . . . Projectile 4 | . . 3 1 . . AOE 22 | . . 22 . . . Terrain Rammed . | . . . . . . Walls Destroyed . | . . . . . . Machines Disabled . | . . . . . . Actions | -11 -10 -10 -9 -8 -8 --------- Run | Yrd Mat Min Mat Mat Gar Total 1639 | 84 25 1222 89 73 146 Wait 611 | 7 . 604 . . . Move 887 | 59 24 524 76 67 137 Hop . | . . . . . . Pick Up 26 | 12 1 9 2 2 . Fast Attach 1 | . . 1 . . . Attach 21 | 6 . 6 3 4 2 Detach . | . . . . . . Swap 8 | . . 6 1 . 1 Drop 9 | . . 4 4 . 1 Fire 76 | . . 68 3 . 5 Melee . | . . . . . . Ram . | . . . . . . Kick . | . . . . . . Crush . | . . . . . . Escape Stasis . | . . . . . . Rewire . | . . . . . . Trap . | . . . . . . Miscellaneous . | . . . . . . Route ------- -11/Scrapyard -10/Materials -10/Mines -9/Materials -8/Materials -8/Garrison (discovered 1 exit: [*Fac]) History --------- Turn | Location | Event 19 | -11/Scrapyard | Discovered new exit (range 16) 118 | -11/Scrapyard | Entered Materials 118 | -10/Materials | Discovered new exit (range 15) 158 | -10/Materials | Entered Mines 320 | -10/Mines | Build established: Mutant 369 | -10/Mines | Learned location of Storage (-7) 408 | -10/Mines | Excavation squad dispatched 408 | -10/Mines | A large section of the Mines collapsed 658 | -10/Mines | Excavation squad dispatched 908 | -10/Mines | Excavation squad dispatched 1074 | -10/Mines | Core integrity fell below 50% 1158 | -10/Mines | Excavation squad dispatched 1408 | -10/Mines | Excavation squad dispatched 1493 | -10/Mines | A weapon hastily lodged in a ceiling crevice suddenly fell to the ground 1658 | -10/Mines | Excavation squad dispatched 1710 | -10/Mines | Crushed by falling debris 1710 | -10/Mines | Core integrity fell below 20% 1732 | -10/Mines | Destroyed 7 combat bots 1743 | -10/Mines | Discovered new exit (range 5) 1757 | -10/Mines | Lost 5 parts (1p2n1u1w) 1768 | -10/Mines | Entered Materials 1768 | -9/Materials | Evolved 2 slots: Utility x2 1883 | -9/Materials | Discovered new exit (range 8) 1888 | -9/Materials | Entered another Materials area 1888 | -8/Materials | Evolved 2 slots: Propulsion x2 2002 | -8/Materials | Identified exit to Garrison 2002 | -8/Materials | Entered Garrison 2088 | -8/Garrison | Triggered checkpoint 2096 | -8/Garrison | Triggered checkpoint 2103 | -8/Garrison | Triggered checkpoint 2129 | -8/Garrison | Discovered new exit (range 10) 2136 | -8/Garrison | Attempted to access garrison exit controls, blocked by remote lockdown 2150 | -8/Garrison | Triggered checkpoint 2154 | -8/Garrison | Triggered checkpoint 2155 | -8/Garrison | Self-destructed Last Messages --------------- 02095_ Backup Power I destroyed. 02101_ Slug penetrates Wall. 02103_ Slug penetrates Garrison Door. 02103_ Beams of light sweep through the air. An alarm sounds. 02103_ Backup Plating I destroyed. 02105_ Beam Cannon destroyed. 02105_ Slug penetrates Wall. 02106_ Penetrated by Slug. 02108_ Slug penetrates Wall. 02109_ Imp. Treads destroyed. 02112_ Dropped Backup Plating I. 02114_ Shotgun destroyed. 02129_ EXIT=FOUND 02136_ Attempting to access garrison exit controls... 02136_ Remote lockdown engaged. 02140_ Assault Rifle destroyed. 02150_ Beams of light sweep through the air. An alarm sounds. Map ----- +----------------------------------------------------+ | | | | | | | | | | | | | | | | | | | | | | | | | | | | | | | ?????????????????????????????????????????? | | ?????????????????????????????????????????? | | ?????????????????????????????????????????? | | ?????????????????????????????????????????? | | ?????????????????????????????????????????? | | ?????????????????????????????????????????? | | ??????????????#######????????????????????? | | ???????????????"""""#????????????????????? | | ??????????###### #####?????????????????? | | ??????????# #?????????????????? | | ??????????# @ #?????????????????? | | ??????????# ### #####?????????????????? | | ??????????# #?#ggg#?????????????????????? | | ??????????# #?#####?????????????????????? | | ??????????# #???????????????????????????? | | ??????????# #???????????????????????????? | | ??????????# ###?????????????????????????? | | ??????????# #?????????????????????????? | | ??????????# #?????????????????????????? | | ??????????# #?????????????????????????? | | ??????????# ###?????????????????????????? | | ??????????# #???????????????????????????? | | ??????????# #######################?????? | | ??????????# #?????? | | ??????????# ^ #?????? | | ??????????########### < ######### #?????? | | ????????????????????# #???????# #?????? | | ????????????????????#####???????# #?????? | | ????????????????????????????????# #?????? | | ????????????????????????????????# #?????? | | ????????????????????????????????# #?????? | | ????????????????????????????????# #?????? | | ????????????????????????????????# #?????? | | ????????????????????????????????# #?????? | | ????????????????????????????????# #?????? | +----------------------------------------------------+ Best States ------------- Heat Dissipation 35 Energy Generation 10 Energy Capacity 250 Matter Stores 300 Matter Capacity 300 Sight Range 16 Terrain Scan Density 10 Armor Coverage 160 Evasion (%) 55 Target Analysis 5 Recoil Reduction 2 Item Schematics ----------------- None Robot Schematics ------------------ None Fabricated ------------ Nothing Repaired ---------- Nothing Alien Tech Used ----------------- None Achievements -------------- None Challenges ------------ None Game ------ Seed FireWaveStreamer Manual? 0 Play Time 00:11:16 Cumulative 36.7 hours Start 2025.07.23 @ 02:59:39 End 2025.07.23 @ 03:11:07 Sessions 2 Manual Loads 0 Difficulty Rogue Special Mode None Game No. 98 Rogue 98 Adventurer 0 Explorer 0 Win Type - Total 0 Types 0/0/0/0/0/0/0/0/0/0 Lore% 34 Gallery% 34 Achievement% 27 Wizard Run 0 Options --------- Layout 1 ASCII 0 Keyboard 0 Movement Mouse Keybinds 0 Fullscreen 1 Font 24/Smallcaps Map View 50x35 Zoom Use 0% Tactical HUD 1 Map Filters NONE Filters NONE Steam 1 RUN: 21b3b758-8cf0-4691-ad77-604e9a3c6326